 Dungeon Crawl Stone Soup version 0.17.1-3-g152610e (webtiles) character file.

137 WarriorsX the Slasher (level 5, 0/41 HPs)
             Began as a Human Fighter on Feb 22, 2016.
             Slain by a scorpion (4 damage)
             ... while paralysed by a giant eyeball
             ... on level 4 of the Dungeon.
             The game lasted 00:06:48 (2236 turns).

WarriorsX the Slasher (Human Fighter)               Turns: 2236, Time: 00:06:48

Health: 0/41       AC:  7    Str: 17    XL:     5   Next: 44%
Magic:  5/5        EV:  2    Int:  8    God:
Gold:   142        SH:  0    Dex: 13    Spells: 0 memorised, 4 levels left

rFire  . . .     SeeInvis .     a - +0 long sword
rCold  . . .     Clarity  .     b - +0 scale mail
rNeg   . . .     SustAt   .     (no shield)
rPois  +         Gourm    .     (no helmet)
rElec  .         Spirit   .     r - +0 cloak
rCorr  .         Warding  .     (no gloves)
rMut   .         Stasis   .     (no boots)
MR     .....                    (no amulet)
Stlth  ..........               (no ring)
                                (no ring)

@: paralysed, lethally poisoned (0 -> -5), not resistant to hostile
enchantments, extremely unstealthy
A: poison resistance, evolution 1
a: no special abilities


You were on level 4 of the Dungeon.
You were not hungry.

You visited 1 branch of the dungeon, and saw 5 of its levels.

You collected 142 gold pieces.

Inventory:

Hand Weapons
 a - a +0 long sword (weapon)
Armour
 b - a +0 scale mail (worn)
 c - a +0 shield
 r - a +0 cloak (worn)
Wands
 p - a wand of polymorph (10)
Scrolls
 i - 6 scrolls of remove curse
 k - a scroll of magic mapping {unknown}
 m - 2 scrolls of teleportation {unknown}
 o - 2 scrolls of noise {unknown}
 q - a scroll of immolation {unknown}
 s - 2 scrolls of enchant weapon {unknown}
 u - a scroll of fear {unknown}
Potions
 d - a potion of might
Comestibles
 e - 3 bread rations
 f - 2 meat rations
 g - 3 chunks of flesh
 n - 2 beef jerkies


   Skills:
 - Level 3.0 Fighting
 + Level 5.0 Long Blades
 - Level 3.0 Armour
 - Level 1.1 Dodging
 - Level 3.0 Shields
 + Level 0.2 Evocations


You had 4 spell levels left.
You didn't know any spells.

Dungeon Overview and Level Annotations

Branches:
Dungeon (5/15)
 Temple: D:4-7

Altars:
Gozag

Annotations:
D:3 Thomus's ghost, amateur HOFi
D:5 inmateoo's ghost, novice HEFi


Innate Abilities, Weirdness & Mutations

Your system is resistant to poisons.
You evolve.


Message History

* * * LOW HITPOINT WARNING * * *
You feel sick.
The orc priest hits you but does no damage.
You can move again.
Zapping:
p - a wand of polymorph {zapped: 3} (will waste charges)
Press: ? - help, Shift-Dir - straight line, f - orc priest
Aim: an orc priest, wielding a whip of venom and wearing a ring mail (lightly wounded, chance to defeat MR: 46%)
The orc priest evaporates and reforms as a scorpion!
Evoking this partially-identified wand wasted a few charges.
* * * LOW HITPOINT WARNING * * *
You feel sick. The scorpion closely misses you.
* * * LOW HITPOINT WARNING * * *
You feel sick. The giant eyeball gazes at you.
You suddenly lose the ability to move!
* * * LOW HITPOINT WARNING * * *
You feel sick. The scorpion stings you.
* * * LOW HITPOINT WARNING * * *
The scorpion stings you.
You die...

#.#.#.### ####.#.#...
........ .# .........#
##############....#..#
#..).o.o..#..........#
#.###.###.#.##.##.##.#
'...G......G.).s@>...#
#...#######.#.#..###.#
###.#...o........# .#
..#.#####+#.##.# .#
#### ...##... .#
....######## .....#
...(.# ....#


You could see a scorpion and a giant eyeball.

Vanquished Creatures
  2 orc wizards
  2 adders
  A worm (D:3)
  3 orcs (D:5)
  11 bats
  3 giant cockroaches
  3 hobgoblins (D:1)
  4 jackals (D:2)
  7 kobolds
  2 giant newts (D:3)
  9 goblins
  A quokka skeleton (D:3)
  11 rats
59 creatures vanquished.

Notes
Turn   | Place    | Note
--------------------------------------------------------------
     0 | D:1      | WarriorsX the Human Fighter began the quest for the Orb.
     0 | D:1      | Reached XP level 1. HP: 18/18 MP: 1/1
   171 | D:1      | Reached XP level 2. HP: 24/24 MP: 2/2
   474 | D:1      | Reached skill level 1 in Dodging
   557 | D:1      | Reached XP level 3. HP: 26/29 MP: 3/3
  1181 | D:2      | Found an opulent altar of Gozag.
  1367 | D:2      | Reached XP level 4. HP: 27/35 MP: 4/4
  1640 | D:3      | Reached skill level 4 in Long Blades
  1877 | D:3      | Noticed Thomus's ghost (amateur HOFi)
  1884 | D:3      | HP: 1/35 [Thomus's ghost (15)]
  1904 | D:4      | Gained mutation: Your system is resistant to poisons. [potion of beneficial mutation]
  1906 | D:4      | Gained mutation: You evolve. [potion of beneficial mutation]
  1914 | D:4      | Paralysed by a giant eyeball for 4 turns
  1926 | D:4      | Reached XP level 5. HP: 17/41 MP: 5/5
  1933 | D:4      | Paralysed by a giant eyeball for 3 turns
  1951 | D:5      | Entered Level 5 of the Dungeon
  2121 | D:5      | Noticed inmateoo's ghost (novice HEFi)
  2201 | D:5      | Reached skill level 5 in Long Blades
  2225 | D:4      | Paralysed by a giant eyeball for 4 turns
  2230 | D:4      | Paralysed by a giant eyeball for 2 turns
  2234 | D:4      | Paralysed by a giant eyeball for 3 turns
  2236 | D:4      | Slain by a scorpion

Action                   |  1- 3 |  4- 6 || total
-------------------------+-------+-------++-------
Melee: Long sword        |   141 |    82 ||   223
Evoke: Wand              |       |     2 ||     2
  Use: Potion            |       |     4 ||     4
       Scroll            |       |     2 ||     2
  Eat: Chunk             |     2 |     3 ||     5
